cohdb
Replays
Latest Replays
All Replays
Popular Replays
Top Player Replays
Match Explorer
How It Works
Community
CoH3 Stats
Reddit
Sign in to upload your games and track your stats! →
Sign in with Steam
Match 43040627
Unlisted
Match 43040627
Overview
Messages
Build Orders
End
Vickers Machine Gun Team
Construct Section Command Post
Selects Australian Defense Battlegroup
Selects Australian Light Infantry Section
Vickers Machine Gun Team
Infantry Section
Grenade Package
ML 3-inch Mortar Team
Construct Platoon Command Post
Construct Field Infirmary
6-pounder Anti-tank Gun Team
Selects Defensive Tactics
Unlock Bishop Self-propelled Artillery
Humber Armored Car
Bzenty
Jazzmann21
Blacksmith
Genki
0
0
Comments
sign in to comment!
No comments posted yet!